 Dungeon Crawl Stone Soup version 0.19.5 (webtiles) character file.

3252 Maskull the Thaumaturge (level 9, 0/41 HPs)
             Began as a Spriggan Venom Mage on May 6, 2017.
             Was a Believer of Qazlal.
             Killed from afar by emiel's ghost (29 damage)
             ... with a bolt of negative energy
             ... in an ossuary.
             The game lasted 00:47:06 (10069 turns).

Maskull the Thaumaturge (Spriggan Venom Mage)      Turns: 10069, Time: 00:47:07

Health: 0/41       AC:  5    Str:  9    XL:     9   Next: 67%
Magic:  23/23      EV: 19    Int: 24    God:    Qazlal [**....]
Gold:   401        SH:  2    Dex: 21    Spells: 5 memorised, 9 levels left

rFire  + . .     SeeInvis +     j - +1 dagger (venom)
rCold  . . .     Gourm    .     f - +1 troll leather armour {Purgy}
rNeg   . . .     Faith    .     (shield restricted)
rPois  .         Spirit   .     l - +0 hat of the Kettle-Drum {rCorr Str+4 Int+4 Dex+4}
rElec  .         Reflect  .     (no cloak)
rCorr  +         Harm     .     (gloves unavailable)
MR     +....                    (boots unavailable)
Stlth  +++.......               (no amulet)
                                d - +2 ring of intelligence
                                m - ring of protection from fire

@: drained, very quick
A: unfitting armour, see invisible, herbivore 3, speed 3, slow metabolism 2
a: Upheaval, Renounce Religion


You were in an ossuary.
You worshipped Qazlal.
Qazlal was pleased with you.
You were not hungry.

You visited 1 branch of the dungeon, and saw 8 of its levels.
You also visited: Ossuary.

You collected 401 gold pieces.

Inventory:

Hand Weapons
 j - a +1 dagger of venom (weapon)
 o - a cursed -2 dagger
 q - a +2 dagger of venom
Armour
 a - a +0 robe
 f - a +1 troll leather armour (worn) {Purgy}
 i - a +2 cloak
 l - the +0 hat of the Kettle-Drum (worn) {rCorr Str+4 Int+4 Dex+4}
   (You found it on level 7 of the Dungeon)

   It affects your strength (+4).
   It affects your intelligence (+4).
   It affects your dexterity (+4).
   It protects you from acid and corrosion.
Jewellery
 d - a +2 ring of intelligence (right hand)
 m - a ring of protection from fire (left hand)
 n - an uncursed amulet of harm
Wands
 t - a wand of flame (15/48)
Scrolls
 h - a scroll of amnesia
 p - 2 scrolls of remove curse
 r - a scroll of identify
 s - 3 scrolls of blinking
 w - 5 scrolls of teleportation
Potions
 e - 2 potions of flight
 k - a potion of brilliance
 u - a potion of curing
 z - a potion of haste
 A - a potion of heal wounds
 B - a potion of cure mutation
Books
 b - a Young Poisoner's Handbook

   Spells                             Type                      Level
   a - Sting                          Conjuration/Poison           1
   b - Mephitic Cloud                 Conjuration/Poison/Air       3
   c - Olgreb's Toxic Radiance        Poison                       4
   d - Alistair's Intoxication        Transmutation/Poison         5
   e - Venom Bolt                     Conjuration/Poison           5
Comestibles
 c - 5 bread rations


   Skills:
 + Level 1.4(0.8) Fighting
 + Level 3.0(2.4) Short Blades
 + Level 1.7(1.1) Armour
 + Level 4.5(3.9) Dodging
 * Level 5.2(4.6) Stealth
 * Level 9.9(9.2) Spellcasting
 + Level 3.1(2.5) Conjurations
 + Level 1.4(0.8) Air Magic
 * Level 8.7(8.0) Poison Magic
 * Level 2.4(1.8) Evocations


You had 9 spell levels left.
You knew the following spells:

 Your Spells              Type           Power        Failure   Level  Hunger
a - Sting                 Conj/Pois      ####         1%          1    None
b - Mephitic Cloud        Conj/Pois/Air  ####....     6%          3    None
c - Olgreb's Toxic Radia  Pois           #####...     3%          4    ##.....
d - Alistair's Intoxicat  Tmut/Pois      ####....     47%         5    ####...
e - Venom Bolt            Conj/Pois      #####.....   24%         5    ####...


Dungeon Overview and Level Annotations

Branches:
Dungeon (8/15)             Temple (0/1) D:7
   Lair: D:8-11

Altars:
Okawaru
Qazlal

Shops:
D:5 :   D:6 :   D:8 [%=

Annotations:
Ossuary emiel's ghost, novice DrSk


Innate Abilities, Weirdness & Mutations

You are very small and have problems with some larger weapons.
You are too small for most types of armour.
You have supernaturally acute eyesight. (SInv)
You are a herbivore.
You cover ground extremely quickly.
You need consume almost no food.


Message History

This wand has 17 charges left.
Evoke which item? (* to show all) (? for menu, Esc to quit)
Zapping:
t - a wand of flame (17/48)
Press: ? - help, Shift-Dir - straight line, f - emiel's ghost
Aim: emiel's ghost The puff of flame hits emiel's ghost.
Emiel's ghost is lightly damaged.
This wand has 16 charges left.
Emiel's ghost hits you!
A hobgoblin zombie comes into view.
Evoke which item? (* to show all) (? for menu, Esc to quit)
Zapping:
t - a wand of flame (16/48)
Press: ? - help, Shift-Dir - straight line, f/p - emiel's ghost
Aim: emiel's ghost (lightly damaged)
The puff of flame hits emiel's ghost.
Emiel's ghost is lightly damaged.
This wand has 15 charges left.
Emiel's ghost hits you.
Emiel's ghost breathes negative energy at you.
The bolt of negative energy hits you!
You feel drained.
Ouch! That really hurt!
You die...

###########
#..........
#..........
#...Z....8.
#...W..Z.Z.
#...#
#..ยง#
#..@# #...#
#...# #...#
#...# #...#
#...# #...#
#...#


You could see emiel's ghost and an orc zombie.

Vanquished Creatures
  Pikel (D:4)
  A water moccasin (D:8)
  Duvessa (D:4)
  Purgy (D:3)
  2 orc warriors
  3 slaves (D:4)
  A black bear (D:7)
  5 ogres
  A centaur (D:3)
  2 big kobolds
  Blork the orc (D:6)
  6 bullfrogs
  2 scorpions
  Dowan (D:4)
  6 killer bees
  A crimson imp (D:5)
  A bullfrog zombie (D:7)
  A centaur zombie (D:6)
  3 orc priests
  A gnoll shaman (D:6)
  A hound (D:8)
  A centaur skeleton (D:8)
  An iguana (D:5)
  Terence (D:3)
  4 orc wizards
  4 worker ants
  A hound skeleton (D:7)
  6 gnolls
  An adder (D:5)
  A shadow imp (D:8)
  An adder zombie (D:8)
  A worm (D:3)
  5 dart slugs
  6 leopard geckos
  20 orcs
  5 bats
  5 giant cockroaches
  4 goblins
  9 hobgoblins
  14 jackals
  21 kobolds
  2 quokkas
  A ball python (D:1)
  A ball python zombie (D:5)
  5 frilled lizards
  3 hobgoblin zombies (Ossuary)
  A jackal zombie (D:6)
  2 kobold zombies (Ossuary)
  5 orc zombies (Ossuary)
  A quokka zombie (D:7)
  4 rats
178 creatures vanquished.

Vanquished Creatures (others)
  A ball python (D:4)
1 creature vanquished.

Grand Total: 179 creatures vanquished

Notes
Turn   | Place    | Note
-------+----------+-------------------------------------------
     0 | D:1      | Maskull the Spriggan Venom Mage began the quest for the Orb.
     0 | D:1      | Reached XP level 1. HP: 9/9 MP: 5/5
   564 | D:1      | Reached XP level 2. HP: 13/13 MP: 4/6
  1841 | D:2      | Reached skill level 3 in Spellcasting
  2052 | D:2      | Reached skill level 1 in Short Blades
  2100 | D:2      | Reached XP level 3. HP: 16/16 MP: 3/8
  2568 | D:3      | Reached XP level 4. HP: 21/21 MP: 8/10
  2939 | D:3      | Learned a level 3 spell: Mephitic Cloud
  3024 | D:3      | Noticed Purgy
  3250 | D:3      | Noticed Terence
  3292 | D:3      | Killed Terence
  3292 | D:3      | Reached skill level 4 in Spellcasting
  3428 | D:3      | Noticed a centaur
  3438 | D:3      | Killed a centaur
  3438 | D:3      | Reached skill level 1 in Conjurations
  3438 | D:3      | Reached XP level 5. HP: 24/24 MP: 0/13
  3765 | D:3      | Learned a level 4 spell: Olgreb's Toxic Radiance
  3772 | D:3      | Learned a level 5 spell: Alistair's Intoxication
  4259 | D:3      | Killed Purgy
  4259 | D:3      | Reached skill level 5 in Spellcasting
  4259 | D:3      | Reached skill level 5 in Poison Magic
  4259 | D:3      | Reached XP level 6. HP: 15/29 MP: 3/15
  5399 | D:4      | Noticed a slave
  5472 | D:4      | Noticed a slave
  5473 | D:4      | Noticed Pikel
  5674 | D:4      | Reached skill level 1 in Air Magic
  5741 | D:4      | Killed a slave
  5788 | D:4      | Reached skill level 6 in Spellcasting
  5788 | D:4      | Reached XP level 7. HP: 32/32 MP: 8/17
  5983 | D:4      | Found an iron altar of Okawaru.
  6115 | D:4      | Learned a level 5 spell: Venom Bolt
  6185 | D:4      | Killed Pikel
  6185 | D:4      | Reached skill level 7 in Spellcasting
  6239 | D:4      | Noticed Duvessa
  6239 | D:4      | Noticed Dowan
  6404 | D:4      | Killed Dowan
  6404 | D:4      | Reached XP level 8. HP: 37/37 MP: 13/20
  6555 | D:4      | Killed Duvessa
  6788 | D:5      | Entered Level 5 of the Dungeon
  7008 | D:5      | Found Joittoeng's Book Shop.
  7209 | D:5      | Found a stormy altar of Qazlal.
  7231 | D:5      | Became a worshipper of Qazlal Stormbringer
  7737 | D:6      | Reached skill level 1 in Armour
  7811 | D:6      | Noticed Blork the orc
  7822 | D:6      | Killed Blork the orc
  7840 | D:6      | Reached skill level 8 in Spellcasting
  8267 | D:6      | Found Lubboll's Book Emporium.
  8747 | D:6      | Reached skill level 1 in Fighting
  8941 | D:7      | Found a staircase to the Ecumenical Temple.
  8972 | D:7      | Reached * piety under Qazlal
  8972 | D:7      | Reached skill level 9 in Spellcasting
  8972 | D:7      | Reached XP level 9. HP: 20/41 MP: 14/23
  9030 | D:7      | Got an ancient hat
  9032 | D:7      | Identified the +0 hat of the Kettle-Drum {rCorr Str+4 Int+4 Dex+4} (You found it on level 7 of the Dungeon)
  9680 | D:8      | Reached skill level 1 in Evocations
  9768 | D:8      | Found Parohama's Jewellery Shop.
  9894 | D:8      | Found Cezatai's Food Shop.
  9897 | D:8      | Found Ocumefesa's Armour Emporium.
  9940 | D:8      | Reached skill level 5 in Stealth
  9946 | D:8      | Reached ** piety under Qazlal
  9968 | D:8      | Found a sand-covered staircase.
  9975 | Ossuary  | Entered an ossuary
 10064 | Ossuary  | Noticed emiel's ghost (novice DrSk)
 10069 | Ossuary  | Killed from afar by emiel's ghost

Skill      XL: |  1  2  3  4  5  6  7  8  9 |
---------------+----------------------------+-----
Spellcasting   | 3 4 5 6 7 9 |  9.9
Short Blades   | 1 2 3 |  3.0
Conjurations   | 1 2 3 |  3.1
Poison Magic   | 5 6 7 8 |  8.7
Air Magic      | 1 |  1.4
Dodging        | 4 |  4.5
Armour         | 1 |  1.7
Fighting       | 1 |  1.4
Stealth        | 5 |  5.2
Evocations     | 2 |  2.4

Action                   |  1- 3 |  4- 6 |  7- 9 || total
-------------------------+-------+-------+-------++-------
Melee: Short sword       |    22 |       |       ||    22
       Unarmed           |     4 |       |       ||     4
       Dagger            |    14 |    55 |   206 ||   275
 Cast: Sting             |    64 |   125 |    92 ||   281
       Mephitic Cloud    |       |    18 |    18 ||    36
       Olgreb's Toxic Ra |       |       |    50 ||    50
Evoke: Wand              |       |       |    33 ||    33
  Use: Scroll            |     7 |     2 |    11 ||    20
       Potion            |     1 |     8 |     4 ||    13
 Stab: Sleeping          |     2 |     1 |       ||     3
       Confused          |       |     1 |       ||     1
  Eat: Bread ration      |       |     1 |     1 ||     2
       Pizza             |       |       |     2 ||     2
Armor: Robe              |     4 |     6 |       ||    10
       Skin              |       |     3 |     6 ||     9
       Troll leather arm |       |     6 |    27 ||    33
Dodge: Dodged            |    62 |    50 |   196 ||   308
Block: Other             |       |       |     3 ||     3
